 Dungeon Crawl Stone Soup version 0.30-a0-5-g3a90980b9d (webtiles) character file.

Game seed: 5543944968233585741

187 Plasmagod the Chopper (level 5, 0/45 HPs)
             Began as a Hill Orc Fighter on Aug 22, 2022.
             Slain by an orc
             ... wielding a +0 dagger
              (1 damage)
             ... on level 4 of the Dungeon.
             The game lasted 00:03:21 (3501 turns).

Plasmagod the Chopper (Hill Orc Fighter)            Turns: 3501, Time: 00:03:21

Health: 0/45       AC:  6    Str: 21    XL:     5   Next: 66%
Magic:  5/5        EV:  9    Int:  8    God:
Gold:   306        SH:  9    Dex: 10    Spells: 4/4 levels left

rFire   . . .      SeeInvis +    a - +0 war axe
rCold   + . .      Faith    .    c - +0 buckler
rNeg    . . .      Spirit   .    b - +0 scale mail
rPois   .          Reflect  +    (no helmet)
rElec   .          Harm     .    (no cloak)
rCorr   .          Rampage  .    (no gloves)
Will    .....                    (no boots)
Stlth   ..........               q - amulet of reflection
HPRegen 0.15/turn                l - ring of see invisible
MPRegen 0.09/turn                u - ring of protection from cold

@: no status effects
A: no striking features
a: no special abilities


You were on level 4 of the Dungeon.
You visited 1 branch of the dungeon, and saw 4 of its levels.

You collected 306 gold pieces.

Inventory:

Hand Weapons
 a - a +0 war axe (weapon)
Armour
 b - a +0 scale mail (worn)
 c - a +0 buckler (worn)
Jewellery
 l - a ring of see invisible (left hand)
 q - an amulet of reflection (around neck)
 u - a ring of protection from cold (right hand)
 x - a +4 ring of evasion
Wands
 y - a wand of roots (12)
Scrolls
 e - a scroll of enchant weapon {unknown}
 f - a scroll of fear {unknown}
 g - 6 scrolls of identify {unknown}
 i - 2 scrolls of teleportation {unknown}
 k - a scroll of summoning {unknown}
 m - a scroll of blinking {unknown}
 o - a scroll of noise {unknown}
 r - a scroll of poison {unknown}
 s - 3 scrolls of amnesia {unknown}
Potions
 d - a potion of might
 h - a potion of haste {unknown}
 j - 3 potions of lignification {unknown}
 n - a potion of resistance {unknown}
 p - 2 potions of curing {unknown}
 t - a potion of flight {unknown}
 v - a potion of brilliance {unknown}
 w - a potion of heal wounds {unknown}


   Skills:
 - Level 3.6 Fighting
 + Level 7.5 Axes
 - Level 3.2 Armour
 - Level 3.2 Shields


You had 4 spell levels left.
You didn't know any spells.
Your spell library contained the following spells:

 Spells                   Type           Power      Damage    Failure   Level
 Freeze                   Ice            0%         1d3       83%         1
 Ensorcelled Hibernation  Hex/Ice        0%         N/A       93%         2
 Frozen Ramparts          Ice            0%         1d1       99%         3
 Spider Form              Tmut/Pois      0%         N/A       99%         3
 Anguish                  Hex/Necr       0%         N/A       100%        4
 Hailstorm                Conj/Ice       0%         3d3       100%        4
 Fireball                 Conj/Fire      0%         3d3       100%        5
 Iskenderun's Battlesphe  Conj           0%         2d6       100%        5
 Conjure Ball Lightning   Conj/Air       0%         3x3d6     100%        6
 Malign Gateway           Summ/Tloc      0%         N/A       100%        7
 Orb of Destruction       Conj           0%         9d5       100%        7
 Summon Horrible Things   Summ           0%         N/A       100%        8


Dungeon Overview and Level Annotations

Branches:
Dungeon (4/15)
 Temple: D:4-7

Altars:
Cheibriados
Dithmenos
Sif Muna
Uskayaw
Xom

Shops:
D:1 :


Message History

The orc wizard hits you with a +0 dagger.
You're too confused to move!
The orc wizard hits you with a +0 dagger.
The orc wizard closely misses you.
You're too confused to move!
You feel less confused.
The orc wizard hits you but does no damage.
The orc wizard points at you and mumbles some strange words.
The magic dart hits you!
You hit the orc wizard.
You kill the orc wizard!
You hit the orc.
You hit the orc wizard but do no damage.
The orc hits you with a +0 dagger. You block the orc wizard's attack.
You barely miss the orc wizard. You slash the orc!
You kill the orc!
You barely miss the orc. The orc wizard casts a spell at you.
The magic dart hits you. The orc hits you with a +0 club.
* * * LOW HITPOINT WARNING * * *
The orc hits you with a +0 dagger.
* * * LOW HITPOINT WARNING * * *
The orc wizard completely misses you.
You closely miss the orc wizard. You hit the orc. You block the orc's attack.
The orc wizard hits you with a +0 dagger.
* * * LOW HITPOINT WARNING * * *
You slash the orc wizard!
The orc wizard is heavily wounded.
You hit the orc. The orc wizard closely misses you.
The orc hits you with a +0 dagger.
* * * LOW HITPOINT WARNING * * *
You hit the orc wizard.
The orc wizard is severely wounded.
You barely miss the orc. You block the orc's attack.
The orc wizard hits you with a +0 dagger.
* * * LOW HITPOINT WARNING * * *
You closely miss the orc wizard.
The orc wizard is severely wounded.
You closely miss the orc. The orc hits you with a +0 dagger.
You die...

..# #..........# #.# #.# ..#
#...##############.# #.#
..####.### #.........# #.#
.......########.############.#
............................>#
.##############.###.....o.##.#
.# ##########..().#####..#.#
.#####.......####o.##...##.#.#
.....'.......'..@o.#55∩.!#...#
######.......###...##.(.##...#
...# #.......#
#....#####..#.#### ####
######### #..#.......#......
#..#########..#### #..# #..#
...# ..... ##... ###... ....


You could see an orc wizard (invisible), 2 quasits and an orc.

Vanquished Creatures
  An iguana (D:4)
  An orc wizard (D:4)
  4 gnolls
  2 adders (D:3)
  2 worms
  2 dart slugs
  2 orcs
  5 bats
  6 endoplasms
  5 giant cockroaches
  5 hobgoblins
  2 jackals (D:1)
  6 quokkas
  7 ball pythons
  4 frilled lizards
  4 goblins
  8 kobolds
  3 rats
69 creatures vanquished.

Notes
Turn   | Place    | Note
-------+----------+-------------------------------------------
     0 | D:1      | Plasmagod the Hill Orc Fighter began the quest for the Orb.
     0 | D:1      | Reached XP level 1. HP: 19/19 MP: 1/1
    16 | D:1      | Reached skill level 3 in Axes
   161 | D:1      | Reached XP level 2. HP: 26/26 MP: 2/2
   217 | D:1      | Reached skill level 4 in Axes
   556 | D:1      | Found Hyffoivased's Book Shop.
   606 | D:1      | Reached XP level 3. HP: 28/31 MP: 3/3
   671 | D:1      | Found a faded altar of an unknown god.
  1196 | D:2      | Reached skill level 5 in Axes
  1397 | D:2      | Reached XP level 4. HP: 22/39 MP: 2/4
  2003 | D:2      | Reached skill level 6 in Axes
  2179 | D:3      | Found a shimmering blue altar of Sif Muna.
  2189 | D:3      | Found a snail-covered altar of Cheibriados.
  2473 | D:3      | Reached XP level 5. HP: 44/45 MP: 5/5
  2560 | D:3      | Found a shadowy altar of Dithmenos.
  2560 | D:3      | Found a shimmering altar of Xom.
  2560 | D:3      | Found a hide-covered altar of Uskayaw.
  3008 | D:4      | Reached skill level 7 in Axes
  3500 | D:4      | HP: 1/45 [orc wizard/+0 dagger (4)]
  3501 | D:4      | Slain by an orc

Illustrated notes

Levels and vault maps discovered:
D:1:      dpeg_arrival_boxes_within_box, layout_loops_ring,
          basic_ecumenical_altar, serial_shops, nicolae_shop_trees
D:2:      layout_loops_ring, minmay_misc_feat_tower, minmay_indecisive_spiral
D:3:      layout_loops_ring, gammafunk_temple_overflow_claw,
          amethyst_overflow_temple_binary, minmay_misc_feat_chi, st_stairs_10,
          minmay_misc_feat_more_columns, kennysheep_generic_room_3
D:4:      cheibrodos_quashed, layout_basic, uniq_pikel, uniq_sigmund

Skill      XL: |  1  2  3  4  5 |
---------------+----------------+-----
Axes           | 3 4 5 6 7 |  7.5
Fighting       | |  3.6
Armour         | |  3.2
Shields        | |  3.2

Action                   |  1- 3 |  4- 6 || total
-------------------------+-------+-------++-------
Melee: War axe           |   110 |    94 ||   204
Armor: Scale mail        |    64 |    29 ||    93
Dodge: Dodged            |    49 |    23 ||    72
Block: Buckler           |    28 |    39 ||    67
       Reflection        |       |     2 ||     2

Table legend: (Time is in decaauts)
 A = Elapsed time spent in this place.
 B = Non-inter-level travel time spent in this place.
 C = Inter-level travel time spent in this place.
 D = Time resting spent in this place.
 E = Time spent auto-exploring this place.
 F = Levels seen in this place.
 G = Mean time per level.
                   A        B        C        D        E       F      G
               +--------+--------+--------+--------+--------+-----+--------+
         Total |   3555 |   3499 |     56 |     68 |   2936 |   4 |  888.8 |
       Dungeon |   3555 |   3499 |     56 |     68 |   2936 |   4 |  888.8 |
               +--------+--------+--------+--------+--------+-----+--------+

Top non-repeatable levels by time:
     D:1: 1193 daAuts
     D:2: 1014 daAuts
     D:3: 755 daAuts
     D:4: 592 daAuts
